 Dungeon Crawl Stone Soup version 0.19-a0-1185-gacb3972 (webtiles) character file.

16314 HaroldButt the Transmogrifier (level 12, -5/101 HPs)
             Began as a Green Draconian Transmuter on Aug 18, 2016.
             Was a High Priest of Okawaru.
             Slain by a catoblepas (15 damage)
             ... on level 2 of the Lair of Beasts.
             The game lasted 00:51:04 (15765 turns).

HaroldButt the Transmogrifier (DrTm)               Turns: 15765, Time: 00:51:04

Health: -5/101     AC:  9    Str: 21    XL:     12   Next: 9%
Magic:  19/24      EV: 17    Int: 13    God:    Okawaru [*****.]
Gold:   236        SH:  0    Dex: 15    Spells: 4 memorised, 16 levels left

rFire  + . .     SeeInvis .       - Unarmed
rCold  . . .     Gourm    .     (armour unavailable)
rNeg   + . .     Faith    .     (shield currently unavailable)
rPois  +         Spirit   .     (helmet restricted)
rElec  .         Dismiss  .     B - +0 cloak of the Land of Plenty {*Drain rF+ rN+ Str+6}
rCorr  .         Reflect  .     (gloves currently unavailable)
MR     .....     Harm     .     (no boots)
Stlth  ++........               (no amulet)
                                (no ring)
                                (no ring)

@: blade hands, drained
A: breathe noxious fumes, unfitting armour, poison resistance, cold-blooded, AC
+8
a: Breathe Noxious Fumes, End Transformation, Heroism, Finesse, Renounce
Religion


You were on level 2 of the Lair of Beasts.
You worshipped Okawaru.
Okawaru was extremely pleased with you.
You were near starving.
You had blades for hands.
You visited 3 branches of the dungeon, and saw 15 of its levels.

You collected 595 gold pieces.
You spent 359 gold pieces at shops.


Innate Abilities, Weirdness & Mutations

You can breathe blasts of noxious fumes.
Your lurid green scales are hard. (AC +8)
Your body does not fit into most forms of armour.
Your system is resistant to poisons. (rPois)
You are cold-blooded and may be slowed by cold attacks.


   Skills:
 - Level 8.0(7.3) Fighting
 - Level 8.0(7.3) Dodging
 + Level 8.4(7.8) Unarmed Combat
 - Level 8.0(7.3) Spellcasting
 - Level 12.0(11.2) Transmutations


You had 16 spell levels left.
You knew the following spells:

 Your Spells              Type           Power        Failure   Level  Hunger
c - Blade Hands           Tmut           ####......   32%         5    ######.
x - Spider Form           Tmut/Pois      ###.......   36%         3    ##.....
z - Beastly Appendage     Tmut           ####..       10%         1    None
Z - Sticks to Snakes      Tmut           ####....     10%         2    #......

Inventory:

Hand Weapons
 i - a +0 blowgun
Missiles
 a - 320 arrows
 k - 58 poisoned needles
 y - 7 curare-tipped needles {=f}
Armour
 l - a +2 cloak of invisibility
 B - the +0 cloak of the Land of Plenty (worn) {*Drain rF+ rN+ Str+6}

   It affects your strength (+6).
   It protects you from fire.
   It protects you from negative energy.
   It causes draining when unequipped.
Magical Staves
 r - an uncursed staff of death
 D - an uncursed staff of earth
Jewellery
 x - an uncursed ring of ice
Wands
 w - a wand of iceblast (5/15)
Scrolls
 f - 4 scrolls of recharging
 g - 5 scrolls of identify {@r1}
 h - 2 scrolls of holy word
 m - 3 scrolls of blinking
 o - 3 scrolls of enchant armour
 p - 3 scrolls of remove curse
 q - 4 scrolls of magic mapping
 t - 5 scrolls of teleportation {@r4}
 A - 2 scrolls of amnesia
 C - 3 scrolls of fear
 E - a scroll of fog
 G - a scroll of summoning
 K - a scroll of enchant weapon
Potions
 d - a potion of ambrosia
 e - 2 potions of brilliance
 n - 3 potions of curing {@q1}
 s - 3 potions of agility
 u - a potion of haste {@q3}
 z - a potion of lignification {!q}
 F - a potion of resistance
 I - a potion of invisibility
 L - a potion of berserk rage {!q}
Books
 b - a book of Changes

   Spells                             Type                      Level
   a - Beastly Appendage              Transmutation                1
   b - Sticks to Snakes               Transmutation                2
   c - Spider Form                    Transmutation/Poison         3
   d - Ice Form                       Ice/Transmutation            4
   e - Blade Hands                    Transmutation                5
Comestibles
 c - 11 bread rations
 j - 2 meat rations
 J - 6 fruits

Dungeon Overview and Level Annotations

Branches:
Dungeon (12/15)            Temple (1/1) D:7            Lair (2/6) D:10
 Shoals (0/4) Lair:2          Orc (0/2) D:9
  Snake: Lair:2-4    Spider: Lair:2-4

Altars:
Ashenzari
Cheibriados
Dithmenos
Elyvilon
Fedhas
Gozag
Hepliaklqana
Kikubaaqudgha
Makhleb
Nemelex Xobeh
Okawaru
Qazlal
Ru
Sif Muna
Trog
Uskayaw
Vehumet
Xom
Yredelemnul
Zin
The Shining One

Shops:
D:4 [   D:5 }   D:10 ?:[

Annotations:
D:9 stone giant upstairs, exclusion: 2 upstairs

▒........▒▒▒ ▒.▒......
▒..........▒ ▒.......
.▒▒..........▒▒ ▒.......
..............▒▒▒.......
............▒▒▒..Y......
..▒........†▒........"..
.........H..............
P▒#.#.##...............
▒▒▒..dY#.▒▒...........
▒.▒.##..▒...>......▒
▒▒▒▒▒#..▒▒.........▒
▒#..P▒.....▒.▒▒▒
▒...▒▒▒.....▒▒
▒▒..▒▒.▒▒...▒▒
▒...▒.▒▒....▒▒
▒..▒.........▒▒
▒.........>..▒


You could see a catoblepas and a hippogriff (petrified).


Message History

* * * LOW HITPOINT WARNING * * *
You hit the catoblepas but do no damage.
The catoblepas is moderately wounded.
The hippogriff is engulfed in calcifying dust.
You feel much better. The catoblepas gores you!
* * * LOW HITPOINT WARNING * * *
Cast which spell? (? or * to list)
Your hands turn into razor-sharp scythe blades.
You are near starving!
The catoblepas gores you.
* * * LOW HITPOINT WARNING * * *
You slash the catoblepas!
The catoblepas is heavily wounded.
The catoblepas breathes a plume of calcifying dust at you.
The blast of calcifying dust hits you!
* * * LOW HITPOINT WARNING * * *
The catoblepas breathes a plume of calcifying dust at you.
The blast of calcifying dust hits you!
* * * LOW HITPOINT WARNING * * *
You hit the catoblepas but do no damage.
You tail-slap the catoblepas, but do no damage.
The catoblepas is heavily wounded.
The catoblepas closely misses you.
You slash the catoblepas!
The catoblepas is severely wounded.
The catoblepas breathes a plume of calcifying dust at you.
The blast of calcifying dust hits you! The catoblepas gores you!
You die...

Action                   |  1- 3 |  4- 6 |  7- 9 | 10-12 || total
-------------------------+-------+-------+-------+-------++-------
Melee: Unarmed           |   179 |   152 |   505 |   620 ||  1456
       Tailslap          |    14 |     7 |    48 |   107 ||   176
       Punch             |     2 |     4 |    14 |    20 ||    40
 Cast: Spider Form       |       |     5 |    13 |     3 ||    21
       Blade Hands       |       |       |     8 |    33 ||    41
       Sticks to Snakes  |       |       |     1 |     5 ||     6
 Abil: Breathe Noxious F |       |       |     1 |       ||     1
       End Transformatio |       |       |     1 |       ||     1
  Use: Scroll            |     6 |     3 |    10 |     8 ||    27
       Potion            |     1 |     1 |     2 |     2 ||     6
 Stab: Sleeping          |     2 |       |     1 |       ||     3
       Confused          |       |       |     2 |       ||     2
       Distracted        |       |       |     1 |     1 ||     2
  Eat: Chunk             |     2 |     8 |    23 |    27 ||    60
       Fruit             |       |       |     2 |       ||     2
       Beef jerky        |       |       |       |     2 ||     2
       Pizza             |       |       |       |     1 ||     1
Armor: Skin              |    76 |    38 |   119 |   108 ||   341
Dodge: Dodged            |   111 |   106 |   304 |   489 ||  1010

Vault maps used:
D:1:      kennysheep_arrival_forest
D:2:      uniq_iyjb, uniq_sigmund, uniq_natasha
D:3:      first_bread, minivault_23, kennysheep_doodads, lemuel_flame_loot_1,
          uniq_crazy_yiuf_cottage
D:4:      serial_shops, nicolae_shop_trees, minmay_goblin_kobold_house,
          uniq_duvessa
D:5:      serial_shops, nicolae_shop_temple_entry_statues_fountains,
          small_statue_intersection, minmay_misc_feat_ornament
D:6:      uniq_pikel
D:8:      minmay_klotski, serial_co_window_serial, co_window_corner_a,
          co_window_paths_b, co_window_of_opportunity_a,
          co_window_of_opportunity_a, co_window_corner_a, co_window_corner_a,
          co_window_paths_a, co_window_of_opportunity_a, co_window_corner_a,
          co_window_corner_b, co_window_broadway_b, co_window_broadway_b,
          co_window_unsneaky_path_b, co_window_corner_b, co_window_cross_4,
          co_window_paths_d, glass_columns_a
D:9:      orc_0_dummy, grunt_ministairs_1
D:10:     lair_0_dummy, serial_shops, shop, nicolae_shop_statue_plus,
          nicolae_shop_temple_entry_statues_fountains, uniq_erica
D:12:     serial_shops, nicolae_shop_stone
Temple:   dpeg_three_leaves_temple
Lair:1:   kennysheep_rathole, lemuel_fruit_tree
Lair:2:   elwin_shoals_entry_stream

Notes
Turn   | Place    | Note
-------+----------+-------------------------------------------
     0 | D:1      | HaroldButt the Draconian Transmuter began the quest for the Orb.
     0 | D:1      | Reached XP level 1. HP: 16/16 MP: 3/3
   279 | D:1      | Reached XP level 2. HP: 23/23 MP: 5/5
   432 | D:1      | Reached skill level 4 in Unarmed Combat
   894 | D:1      | Reached XP level 3. HP: 21/28 MP: 6/6
  1183 | D:2      | Noticed Sigmund
  1305 | D:2      | Noticed Natasha
  1365 | D:3      | Learned a level 2 spell: Sticks to Snakes
  1369 | D:3      | Learned a level 3 spell: Spider Form
  1614 | D:3      | Reached XP level 4. HP: 35/35 MP: 7/7
  1734 | D:3      | Found a runed door.
  1735 | D:3      | Noticed Crazy Yiuf
  1739 | D:3      | Killed Crazy Yiuf
  1739 | D:3      | Reached skill level 5 in Unarmed Combat
  1890 | D:3      | Reached XP level 5. HP: 17/40 MP: 0/8
  1894 | D:3      | HP: 2/40 [orc/hand axe (6)]
  2669 | D:2      | Killed Sigmund
  2669 | D:2      | Reached skill level 7 in Unarmed Combat
  2669 | D:2      | Reached XP level 6. HP: 46/47 MP: 5/9
  2755 | D:2      | Noticed Ijyb
  2764 | D:2      | Killed Ijyb
  3001 | D:2      | Killed Natasha
  3006 | D:2      | Noticed Natasha
  3011 | D:2      | Killed Natasha
  3285 | D:2      | Noticed Natasha
  3295 | D:2      | Killed Natasha
  3376 | D:3      | Reached skill level 8 in Unarmed Combat
  3546 | D:3      | Your scales start taking on a lurid green colour.
  3546 | D:3      | Reached XP level 7. HP: 24/52 MP: 10/10
  3546 | D:3      | Gained mutation: Your system is resistant to poisons. (rPois) [Green Draconian growth]
  3782 | D:3      | Reached skill level 3 in Transmutations
  3934 | D:4      | Noticed Duvessa
  3935 | D:4      | Noticed Dowan
  3948 | D:4      | Killed Duvessa
  3948 | D:4      | Reached skill level 4 in Transmutations
  3949 | D:4      | Killed Dowan
  4488 | D:4      | Reached skill level 5 in Transmutations
  4804 | D:4      | Noticed Rhoefr's ghost (amateur MfIE)
  4823 | D:4      | Killed Rhoefr's ghost
  4823 | D:4      | Reached skill level 6 in Transmutations
  4823 | D:4      | Reached XP level 8. HP: 21/59 MP: 8/11
  4831 | D:4      | HP: 5/59 [poisoned by Rhoefr's ghost]
  5124 | D:4      | Found Guutueti's Armour Emporium.
  5140 | D:4      | Bought a +1 cloak of invisibility for 165 gold pieces
  5702 | D:5      | Entered Level 5 of the Dungeon
  5716 | D:5      | Found Locs's Gadget Boutique.
  5732 | D:5      | Reached skill level 7 in Transmutations
  6278 | D:6      | Noticed Pikel
  6293 | D:5      | Killed Pikel
  6293 | D:5      | Reached skill level 9 in Transmutations
  6313 | D:6      | Reached skill level 2 in Dodging
  6313 | D:6      | Reached XP level 9. HP: 41/64 MP: 10/12
  6409 | D:6      | Learned a level 5 spell: Blade Hands
  6479 | D:6      | Reached skill level 3 in Dodging
  6947 | D:6      | Reached skill level 4 in Dodging
  7201 | D:7      | Found a staircase to the Ecumenical Temple.
  7208 | Temple   | Entered the Ecumenical Temple
  7274 | Temple   | Became a worshipper of Warmaster Okawaru
  7458 | D:7      | Reached skill level 5 in Dodging
  7909 | D:8      | Reached * piety under Okawaru
  7909 | D:8      | Reached skill level 6 in Dodging
  8489 | D:8      | Reached skill level 7 in Dodging
  8600 | D:8      | Got a bloodstained cloak
  8611 | D:8      | Identified the +0 cloak of the Land of Plenty {*Drain rF+ rN+ Str+6} (You found it on level 8 of the Dungeon)
  8728 | D:8      | Paralysed by fainting for 7 turns
  8738 | D:8      | Paralysed by fainting for 7 turns
  8748 | D:8      | Paralysed by fainting for 7 turns
  9143 | D:8      | Reached XP level 10. HP: 61/71 MP: 13/13
  9160 | D:8      | Reached skill level 8 in Dodging
  9320 | D:8      | Reached ** piety under Okawaru
  9344 | D:8      | Noticed a stone giant
  9522 | D:9      | Found a staircase to the Orcish Mines.
  9723 | D:9      | Reached skill level 10 in Transmutations
 10235 | D:9      | Reached *** piety under Okawaru
 10237 | D:9      | Reached skill level 11 in Transmutations
 10766 | D:8      | Noticed a cyan ugly thing
 10772 | D:8      | Killed a cyan ugly thing
 10952 | D:8      | Noticed a death knight
 10953 | D:8      | Noticed a cyclops
 10953 | D:8      | Noticed a great orb of eyes
 10987 | D:8      | Reached skill level 12 in Transmutations
 11010 | D:10     | Entered Level 10 of the Dungeon
 11012 | D:10     | Noticed a hill giant
 11021 | D:10     | Killed a hill giant
 11021 | D:10     | Reached **** piety under Okawaru
 11021 | D:10     | Reached skill level 3 in Spellcasting
 11047 | D:10     | Reached skill level 4 in Spellcasting
 11052 | D:10     | Reached XP level 11. HP: 39/77 MP: 7/17
 11409 | D:10     | Found Ynarho's Book Shop.
 11420 | D:10     | Reached skill level 5 in Spellcasting
 11533 | D:10     | Found a staircase to the Lair.
 11720 | D:10     | Noticed Erica
 11740 | D:11     | Noticed a hill giant
 12050 | D:11     | Killed a hill giant
 12050 | D:11     | Reached ***** piety under Okawaru
 12050 | D:11     | Reached skill level 6 in Spellcasting
 12356 | D:11     | Reached skill level 7 in Spellcasting
 12655 | D:11     | Identified a potion of resistance
 12693 | D:11     | Noticed a red ugly thing
 12704 | D:11     | Killed a red ugly thing
 13085 | D:11     | Reached skill level 8 in Spellcasting
 13162 | D:11     | Received a gift from Okawaru
 13298 | D:11     | Reached skill level 3 in Fighting
 13633 | D:10     | Found Noiryaxu's Antique Armour Emporium.
 13644 | D:10     | Found Nagedeho's Magic Scroll Boutique.
 13652 | D:10     | Bought a scroll of fear for 45 gold pieces
 13652 | D:10     | Bought a scroll of fog for 26 gold pieces
 13652 | D:10     | Bought a scroll of summoning for 123 gold pieces
 13800 | D:10     | Killed Erica
 13800 | D:10     | Reached skill level 4 in Fighting
 13944 | Lair:1   | Entered Level 1 of the Lair of Beasts
 14007 | Lair:1   | Reached skill level 5 in Fighting
 14590 | Lair:1   | Reached skill level 6 in Fighting
 14792 | Lair:1   | Received a gift from Okawaru
 14965 | Lair:2   | Reached skill level 7 in Fighting
 15219 | Lair:2   | Reached skill level 8 in Fighting
 15219 | Lair:2   | Reached XP level 12. HP: 80/101 MP: 21/24
 15242 | Lair:2   | Found a staircase to the Shoals.
 15741 | Lair:2   | Noticed a catoblepas
 15761 | Lair:2   | HP: 9/101 [catoblepas/blast of calcifying dust (7)]
 15765 | Lair:2   | Slain by a catoblepas

Vanquished Creatures
  Erica (D:10)
  Pikel (D:5)
  2 hill giants
  A manticore (D:11)
  2 ugly things
  A black mamba (Lair:2)
  2 sirens (Lair:2)
  2 spiny frogs
  2 merfolk (Lair:2)
  A two-headed ogre (D:11)
  2 shadows
  3 wyverns
  Sigmund (D:2)
  16 yaks
  A wraith (D:10)
  5 hippogriffs
  The ghost of Rhoefr the Ducker, an amateur MfIE (D:4)
  A hungry ghost (D:8)
  Duvessa (D:4)
  2 water moccasins (Lair:1)
  2 porcupines
  4 orc warriors
  2 ice beasts
  A sky beast (D:5)
  4 ogres
  3 phantoms
  2 necrophages
  11 centaurs
  A crocodile (Lair:1)
  3 big kobolds
  5 giant frogs
  Dowan (D:4)
  A wyvern skeleton (D:8)
  2 scorpions
  A water moccasin skeleton (D:8)
  A killer bee (D:8)
  3 wights (D:11)
  7 howler monkeys
  3 crimson imps
  A giant frog zombie (D:8)
  A wasp zombie (D:9)
  3 jellies
  7 orc priests
  2 giant frog skeletons (D:8)
  9 hounds
  2 centaur skeletons
  16 orc wizards
  Crazy Yiuf (D:3)
  Ijyb (D:2)
  2 hell rats (Lair:1)
  13 worker ants
  Natasha (thrice) (D:2)
  8 iguanas
  A worker ant zombie (D:10)
  4 gnolls (D:4)
  9 adders
  18 river rats
  2 shadow imps
  An ooze (D:1)
  2 adder zombies
  7 dart slugs
  6 giant geckos
  50 orcs
  3 ball pythons
  7 giant cockroaches
  4 goblins
  6 hobgoblins
  13 jackals
  8 bats
  5 giant newts
  29 kobolds
  A quokka skeleton (D:4)
  7 rats
357 creatures vanquished.

Vanquished Creatures (others)
  4 slaves (D:6)
  A jelly (D:6)
  A goblin (D:3)
6 creatures vanquished.

Grand Total: 363 creatures vanquished
